 Dungeon Crawl Stone Soup version 0.29.1-1-gd02db6906a (webtiles) character file.

Game seed: 17441916371984181026

1191 H0rd4k the Ducker (level 8, 0/61 HPs)
             Began as a Human Artificer on Oct 12, 2022.
             Killed from afar by a white imp (5 damage)
             ... with a puff of frost
             ... on level 5 of the Dungeon.
             The game lasted 00:05:29 (6581 turns).

H0rd4k the Ducker (Human Artificer)                 Turns: 6581, Time: 00:05:31

Health: 0/61       AC:  5    Str: 13    XL:     8   Next: 71%
Magic:  8/8        EV: 13    Int: 13    God:
Gold:   284        SH:  0    Dex: 14    Spells: 7/7 levels left

rFire   . . .      SeeInvis .   u - +0 dagger (venom)
rCold   . . .      Faith    .   (no shield)
rNeg    . . .      Spirit   .   b - +0 leather armour
rPois   +          Reflect  .   q - +2 hat
rElec   .          Harm     .   (no cloak)
rCorr   .          Rampage  .   (no gloves)
Will    .....                   (no boots)
Stlth   +.........              (no amulet)
HPRegen 0.20/turn               a - ring of poison resistance
MPRegen 0.11/turn               (no ring)

@: no status effects
A: no striking features
a: no special abilities


You were on level 5 of the Dungeon.
You visited 2 branches of the dungeon, and saw 6 of its levels.

You collected 284 gold pieces.

Inventory:

Hand Weapons
 r - a +0 long sword
 u - a +0 dagger of venom (weapon)
Missiles
 g - 3 poisoned darts (quivered)
Armour
 b - a +0 leather armour (worn)
 q - a +2 hat (worn)
Jewellery
 a - a ring of poison resistance (left hand)
Wands
 c - a wand of flame (11)
 e - a wand of iceblast (4)
Scrolls
 f - 8 scrolls of identify {unknown}
 h - 2 scrolls of silence {unknown}
 i - 2 scrolls of noise {unknown}
 j - a scroll of summoning {unknown}
 n - a scroll of fear {unknown}
 t - 2 scrolls of amnesia {unknown}
 v - a scroll of blinking {unknown}
Potions
 k - 2 potions of attraction {unknown}
 l - a potion of invisibility
 m - a potion of might {unknown}
 o - 3 potions of curing {unknown}
 p - a potion of flight {unknown}
 s - a potion of heal wounds
 w - a potion of magic {unknown}


   Skills:
 + Level 4.8 Fighting
 + Level 3.3(4.0) Short Blades
 + Level 3.1(3.9) Long Blades
 + Level 4.0 Maces & Flails
 + Level 1.4 Throwing
 - Level 2.0 Armour
 + Level 4.9 Dodging
 - Level 1.0 Stealth
 - Level 3.0 Evocations


You had 7 spell levels left.
You didn't know any spells.
Your spell library contained the following spells:

 Spells                   Type           Power      Damage    Failure   Level
 Ensorcelled Hibernation  Hex/Ice        0%         N/A       52%         2
 Spider Form              Tmut/Pois      0%         N/A       75%         3
 Anguish                  Hex/Necr       0%         N/A       98%         4


Dungeon Overview and Level Annotations

Branches:
Dungeon (5/15)             Temple (1/1) D:4

Altars:
Ashenzari
Cheibriados
Dithmenos
Elyvilon
Fedhas
Hepliaklqana
Kikubaaqudgha
Okawaru
Qazlal
Ru
Trog
Uskayaw
Vehumet
Xom
Yredelemnul
Zin
The Shining One

Shops:
D:3 :   D:5 *[

Annotations:
D:2 exclusion: downstairs


Message History

You are too injured to fight recklessly!
You are too injured to fight recklessly!
You are too injured to fight recklessly!
You are too injured to fight recklessly!
You are too injured to fight recklessly!
You are too injured to fight recklessly!
You are too injured to fight recklessly!
You are too injured to fight recklessly!
You are too injured to fight recklessly!
You are too injured to fight recklessly!
You are too injured to fight recklessly!
The phantom attacks as you move away! The phantom hits you.
The orc attacks as you move away! The orc completely misses you.
The ufetubus hits you. x2
The phantom attacks as you move away!
The phantom hits you but does no damage.
The ufetubus attacks as you move away! The ufetubus completely misses you.
The ufetubus hits you but does no damage.
The orc attacks as you move away! The orc closely misses you.
The ufetubus completely misses you. The ufetubus barely misses you.
The ufetubus closely misses you. The ufetubus hits you.
* * * LOW HITPOINT WARNING * * *
The orc misses you. The orc hits you with a +0 flail!
* * * LOW HITPOINT WARNING * * *
The phantom attacks as you move away! The phantom hits you.
* * * LOW HITPOINT WARNING * * *
The ufetubus hits you but does no damage.
The ufetubus barely misses you. The white imp attacks as you move away!
The white imp misses you. The ufetubus attacks as you move away!
The ufetubus closely misses you. The ufetubus misses you.
There is a stone staircase leading up here.
The ufetubus closely misses you. The ufetubus barely misses you.
The ufetubus hits you.
* * * LOW HITPOINT WARNING * * *
The ufetubus closely misses you. The white imp gestures at you.
The puff of frost hits you.
You die...

#.... #..##...#...#
'....##..##...#...#
#5..........∩.#>..#
..............#...#
..#####$....>.#...#
##.......#.†.#
#......o.#...#
##..##55W#...#
#..##.@.#...#
##...#..[#..†#
#....#...#...#
#....#...#...#
#....#..##..##
#....#..##..##
##............#
#.......?....##
#..~~~~......#


You could see a phantom, a white imp, an orc and an ufetubus.

Vanquished Creatures
  Pikel (D:5)
  Menkaure (D:4)
  A phantom (D:4)
  A scorpion (D:5)
  3 hounds
  Terence (D:3)
  2 iguanas
  3 orc wizards
  4 adders
  A worm (D:2)
  3 dart slugs
  3 orcs
  10 ball pythons
  3 endoplasms
  2 giant cockroaches
  4 goblins
  6 hobgoblins
  8 jackals
  3 quokkas
  5 bats
  4 frilled lizards (D:1)
  5 kobolds
  3 rats
77 creatures vanquished.

Vanquished Creatures (collateral kills)
  A phantom (D:5)
  A white imp (D:5)
  A jackal (D:1)
  A bat (D:1)
4 creatures vanquished.

Vanquished Creatures (others)
  An ogre (D:4)
1 creature vanquished.

Grand Total: 82 creatures vanquished

Notes
Turn   | Place    | Note
-------+----------+-------------------------------------------
     0 | D:1      | H0rd4k the Human Artificer began the quest for the Orb.
     0 | D:1      | Reached XP level 1. HP: 15/15 MP: 1/1
   294 | D:1      | Reached XP level 2. HP: 5/21 MP: 2/2
   615 | D:1      | Reached skill level 1 in Maces & Flails
   810 | D:1      | Reached XP level 3. HP: 7/26 MP: 3/3
  1373 | D:1      | Found a faded altar of an unknown god.
  1792 | D:2      | HP: 1/27 [worm (9)]
  2238 | D:2      | Reached XP level 4. HP: 7/33 MP: 4/4
  3425 | D:3      | Found Emaavit's Book Shop.
  3498 | D:3      | Found a glowing golden altar of the Shining One.
  3526 | D:3      | Found a broken altar of Ashenzari.
  3819 | D:3      | Reached XP level 5. HP: 39/39 MP: 5/5
  3905 | D:3      | Noticed Terence
  3915 | D:3      | Killed Terence
  4163 | D:4      | Found a staircase to the Ecumenical Temple.
  4164 | D:4      | Noticed an ogre
  4168 | D:4      | Noticed Menkaure
  4177 | D:4      | Reached skill level 1 in Long Blades
  4177 | D:4      | Reached XP level 6. HP: 42/47 MP: 6/6
  4179 | D:4      | Killed Menkaure
  4224 | D:4      | Reached XP level 7. HP: 49/52 MP: 7/7
  4272 | D:4      | You fall into a shaft and drop 1 floor!
  4272 | D:5      | Entered Level 5 of the Dungeon
  4288 | D:5      | Noticed Pikel
  4297 | D:5      | Found Lycel's General Store.
  4323 | D:5      | Found Fayj's Armour Shop.
  4422 | Temple   | Entered the Ecumenical Temple
  5053 | D:4      | Reached skill level 1 in Short Blades
  5958 | D:5      | Killed Pikel
  5959 | D:5      | Reached XP level 8. HP: 28/61 MP: 8/8
  6087 | D:5      | Reached skill level 1 in Throwing
  6581 | D:5      | Killed from afar by a white imp

Illustrated notes

Levels and vault maps discovered:
D:1:      reono_arrival_mine, layout_rooms, ebering_ecumenical_altar_box,
          hangedman_decor_clover_reticule, chequers_avenue
D:2:      layout_loops_ring, minivault_14
D:3:      layout_rooms, mainiacjoe_overflow_two_lobes, serial_shops, shop_coins,
          minmay_misc_feat_doors, uniq_grinder, uniq_terence, uniq_robin
D:4:      layout_basic, minmay_temple_entry_purple_smoke,
          minmay_misc_feat_tower, serial_park_tiny_pond,
          corexii_leaking_fountain, uniq_menkaure
D:5:      layout_gridville, serial_shops, nicolae_shop_window_shopping, shop,
          serial_park_tiny_pond, minmay_between, uniq_duvessa,
          uniq_blork_the_orc, uniq_pikel
Temple:   hellmonk_temple_two_chambers

Skill      XL: |  1  2  3  4  5  6  7  8 |
---------------+-------------------------+-----
Maces & Flails | 1 2 3 4 |  4.0
Dodging        | 2 3 4 |  4.9
Fighting       | 2 3 4 |  4.8
Long Blades    | 1 2 3 |  3.1
Short Blades   | 2 3 |  3.3
Throwing       | 1 |  1.4
Armour         | |  2.0
Stealth        | |  1.0
Evocations     | |  3.0

Action                   |  1- 3 |  4- 6 |  7- 9 || total
-------------------------+-------+-------+-------++-------
Melee: Club              |   140 |    37 |       ||   177
       Punch             |     1 |     1 |     2 ||     4
       Long sword        |       |    17 |       ||    17
       Dagger            |       |    38 |   191 ||   229
Throw: Dart              |       |       |     1 ||     1
Evoke: Wand              |     6 |    16 |    16 ||    38
  Use: Potion            |       |       |     2 ||     2
 Stab: Sleeping          |       |     3 |       ||     3
       Invisible         |       |       |     1 ||     1
Armor: Leather armour    |    60 |    28 |    66 ||   154
Dodge: Dodged            |   120 |    73 |   135 ||   328
